 Dungeon Crawl Stone Soup version 0.18-a0-1088-g34ef3a2 (webtiles) character file.

73 Ijustatesigmund the Skirmisher (level 4, -1/37 HPs)
             Began as a Demonspawn Abyssal Knight on Jan 15, 2016.
             Was a Believer of Lugonu.
             Slain by a goblin
             ... wielding a +0 club
              (5 damage)
             ... on level 3 of the Dungeon.
             The game lasted 00:06:01 (1983 turns).

Ijustatesigmund the Skirmisher (DsAK)               Turns: 1983, Time: 00:06:02

Health: -1/37      AC:  3    Str: 12    XL:     4   Next: 8%
Magic:  6/6        EV: 11    Int: 14    God:    Lugonu [**....]
Gold:   15         SH:  0    Dex: 13    Spells: 0 memorised, 3 levels left

rFire  . . .     SeeInvis .     a - +2 mace
rCold  + . .     Gourm    .     b - +0 leather armour
rNeg   + . .     Faith    .     (no shield)
rPois  .         Spirit   .     (no helmet)
rElec  .         Dismiss  .     (no cloak)
rCorr  .         Reflect  .     (no gloves)
SustAt .         Harm     +     (no boots)
MR     .....                    g - amulet of harm
Stlth  +.........               (no ring)
                                d - ring of positive energy

@: lethally poisoned (-1 -> -5), not resistant to hostile enchantments, very
unstealthy
A: cold resistance 1
a: Depart the Abyss, Bend Space, Renounce Religion


You were on level 3 of the Dungeon.
You worshipped Lugonu.
Lugonu was pleased with you.
You were not hungry.

You visited 1 branch of the dungeon, and saw 4 of its levels.
You visited the Abyss 1 time.

You collected 15 gold pieces.

Inventory:

Hand Weapons
 a - a +2 mace (weapon)
Missiles
 k - 3 tomahawks (quivered)
Armour
 b - a +0 leather armour (worn)
Jewellery
 d - a ring of positive energy (left hand)
 g - an amulet of harm (around neck)
Scrolls
 e - 4 scrolls of amnesia
 f - a scroll of recharging
Potions
 j - a potion of invisibility {unknown}
 m - a potion of cancellation {unknown}
Comestibles
 c - a bread ration


   Skills:
 + Level 3.7 Fighting
 * Level 3.0 Maces & Flails
 - Level 1.7 Armour
 - Level 0.8 Dodging
 + Level 3.2 Invocations


You had 3 spell levels left.
You didn't know any spells.

Dungeon Overview and Level Annotations

Branches:
Dungeon (4/15)
 Temple: D:4-7

Altars:

Annotations:
D:2 Crazy Yiuf


Innate Abilities, Weirdness & Mutations

Your flesh is cold resistant.


Message History

You are more poisoned.
The adder poisons you!
You hit the adder.
The adder is severely wounded.
The adder bites you. The goblin barely misses you. The adder barely misses you.
You hit the adder.
The adder is almost dead.
You feel sick. The goblin hits you with a club. The adder closely misses you.
You closely miss the adder.
The adder is almost dead.
You feel sick. The adder bites you. The adder barely misses you.
The goblin hits you but does no damage.
You barely miss the adder.
The adder is almost dead.
You feel sick. The adder bites you.
* * * LOW HITPOINT WARNING * * *
The hobgoblin hits you.
* * * LOW HITPOINT WARNING * * *
The goblin hits you with a club.
You die...

# #.# ...# #
###.##.##....### #
+............... +
###.##.#####..# # # #
#........###.. #
#............ . #
##........##... ####
##.gS......%<. #...
#.@g)......# ##.#
###############.###....#.#
#.† .#.#.#.#.#.#.#..#
#(....... #.#
#.#.#.#.#.#.#.#.#
####...## ###
##.###.###.###..# ...# #
#÷#.#.#.#.#.#.#.# !.# #
.#.#.#.#.#.#.#..# ># #
################# ## # #


You could see an adder, a hobgoblin and a goblin.

Vanquished Creatures
  4 adders
  An ooze (D:1)
  A worm (D:2)
  4 goblins
  3 hobgoblins
  A quokka (D:3)
  7 bats
  5 giant newts
  A kobold (D:1)
  7 rats
34 creatures vanquished.

Notes
Turn   | Place    | Note
--------------------------------------------------------------
     0 | Abyss:1  | Ijustatesigmund the Demonspawn Abyssal Knight began the quest for the Orb.
     0 | Abyss:1  | Reached XP level 1. HP: 18/18 MP: 2/2
    23 | D:1      | Escaped the Abyss
   141 | D:1      | Gained mutation: Your flesh is cold resistant. [demonic ancestry]
   141 | D:1      | Reached XP level 2. HP: 17/24 MP: 4/4
   433 | D:2      | Reached XP level 3. HP: 8/29 MP: 5/5
   620 | D:2      | Reached ** piety under Lugonu
   737 | D:2      | Noticed Crazy Yiuf
   745 | D:2      | You fall through a shaft!
  1383 | D:4      | Reached XP level 4. HP: 18/37 MP: 6/6
  1983 | D:3      | Slain by a goblin

Vault maps used:
D:1:      lemuel_arrival_rhombus
D:2:      minmay_door_path, first_bread, uniq_crazy_yiuf_cottage, uniq_terence
D:3:      cheibriados_altar_wand_db, roderic_roman_lattice, uniq_iyjb
D:4:      nicolae_overflow_crystal_walls, abandoned_shop, dk_xom_monty_hall

Action                   |  1- 3 |  4- 6 || total
-------------------------+-------+-------++-------
Melee: Mace              |    94 |    13 ||   107
Invok: Bend Space        |     2 |       ||     2
  Use: Scroll            |     4 |       ||     4
       Potion            |     3 |     1 ||     4
  Eat: Fruit             |     2 |       ||     2
       Bread ration      |       |     1 ||     1
